 Dungeon Crawl Stone Soup version 0.31.0-11-ge490571c62 (webtiles) character file.

Game seed: 15620925670408152114

14 qw the Shooter (level 2, 0/14 HPs)
             Began as a Spriggan Hunter on Feb 3, 2024.
             Succumbed to their own poison gas
             ... on level 1 of the Dungeon.
             The game lasted 00:00:00 (533 turns).

qw the Shooter (Spriggan Hunter)                     Turns: 533, Time: 00:00:01

Health: 0/14       AC:  2    Str:  7    XL:     2   Next: 27%
Magic:  3/3        EV: 19    Int: 10    God:
Gold:   36         SH:  0    Dex: 18    Spells: 1/1 levels left

rFire   . . .        a - +0 shortbow
rCold   . . .        (shield currently unavailable)
rNeg    . . .        c - +0 robe
rPois   .            (helmet restricted)
rElec   .            (no cloak)
rCorr   .            (gloves unavailable)
SInv    +            (boots unavailable)
Will    +....        (no amulet)
Stlth   ++           (no ring)
HPRegen 0.22/turn    (no ring)
MPRegen 0.08/turn

%: no passive effects
@: lethally poisoned (0 -> -16), enlightened, flying, very quick
A: very small, no large weapons, unfitting armour, see invisible, speed 3
a: no special abilities


You were on level 1 of the Dungeon.
You visited 1 branch of the dungeon, and saw 1 of its levels.

You collected 36 gold pieces.


Innate Abilities, Weirdness & Mutations

You are very small and have problems with some larger weapons.
You are too small for most types of armour.
You have supernaturally acute eyesight. (SInv)
You cover ground extremely quickly. (Speed+++)


   Skills:
 - Level 1.5 Fighting
 + Level 4.0 Ranged Weapons
 - Level 4.0 Dodging
 - Level 1.5 Stealth


You had one spell level left.
You didn't know any spells.
Your spell library was empty.

Inventory:

Hand Weapons
 a - a +0 shortbow (weapon)
Armour
 c - a +0 robe (worn)
Potions
 d - a potion of degeneration {unknown}
 f - 3 potions of enlightenment

Dungeon Overview and Level Annotations

Branches:
Dungeon (1/15)

Altars:


Message History

Done exploring.
527 ||| READING scroll labelled NONOCA ONACRI.
As you read the scroll labelled NONOCA ONACRI, it crumbles to dust.
You assume a fearsome visage.
Nothing appears to happen.
It was a scroll of fear.
Done exploring.
528 ||| READING scroll labelled FAPPUHUSAKK.
The air fills with toxic fumes!
As you read the scroll labelled FAPPUHUSAKK, it crumbles to dust.
It was a scroll of poison.
Done exploring.
529 ||| DRINKING 4 inky potions.
It was a potion of enlightenment.
You feel very buoyant.
You fly up into the air.
Done exploring.
530 ||| DROPPING scroll of butterflies.
You drop a scroll of butterflies.
Done exploring.
What level of the Dungeon? (default 1, ? - help) Sorry, I don't know how to get there.
Enter note:
Enter note:
Enter note:
Enter note:
Enter note:
Enter note:
Enter note:
Enter note:
Enter note:
Enter note:
Enter note:
Enter note: You are engulfed in poison gas.
You are lethally poisoned!
You feel very sick.
There is a stone staircase leading down here.
532 ||| Stepping ~*~*~tactically~*~*~ (cloud).
You feel very sick.
You see here a scroll of butterflies.
There is a lethal amount of poison in your body!
You die...

#.....# #######
##.....# ##¤¤...#
##......#
#0¤¤##.#####..#.....
#¤¤0¤#0##¤¤..##.....
#¤¤¤¤#¤¤¤¤¤..##.....
#¤¤¤¤¤¤¤#....#######
#¤¤¤¤¤¤##....#
#¤¤@¤#.##....#
##¤¤¤¤#....####
#¤¤¤0¤####.#
#¤¤¤¤¤####.#
#¤0¤¤¤¤.##.##
#¤¤¤¤¤¤.....#
###¤###..#..#
#......#..#
##........#


There were no monsters in sight!

Vanquished Creatures
  A dart slug (D:1)
  A giant cockroach (D:1)
  2 goblins (D:1)
  A hobgoblin (D:1)
  3 jackals (D:1)
  A kobold (D:1)
9 creatures vanquished.

Notes
Turn   | Place    | Note
-------+----------+-------------------------------------------
     0 | D:1      | qw the Spriggan Hunter began the quest for the Orb.
     0 | D:1      | Reached XP level 1. HP: 10/10 MP: 2/2
     0 | D:1      | 0 ||| qw: Version: 0.3-a-157-g843a77d
     0 | D:1      | 0 ||| qw: Game counter: 3582
     0 | D:1      | 0 ||| qw: Melee chars always use a shield: true
     0 | D:1      | 0 ||| qw: God list: Okawaru
     0 | D:1      | 0 ||| qw: Allow faded altars: false
     0 | D:1      | 0 ||| qw: Do Orc after clearing Dungeon:15 true
     0 | D:1      | 0 ||| qw: Do second Lair branch before Depths: true
     0 | D:1      | 0 ||| qw: Lair rune preference: random
     0 | D:1      | 0 ||| qw: Goals: Normal
     0 | D:1      | 0 ||| PLANNING D:1-11
    71 | D:1      | Reached skill level 3 in Dodging
   367 | D:1      | Reached XP level 2. HP: 13/14 MP: 3/3
   525 | D:1      | 525 ||| READING scroll labelled YMNUSA FYLI.
   526 | D:1      | 526 ||| READING scroll labelled DOJANI XOBOTA.
   527 | D:1      | 527 ||| READING scroll labelled NONOCA ONACRI.
   528 | D:1      | 528 ||| READING scroll labelled FAPPUHUSAKK.
   529 | D:1      | 529 ||| DRINKING 4 inky potions.
   530 | D:1      | 530 ||| DROPPING scroll of butterflies.
   532 | D:1      | 532 ||| Stepping ~*~*~tactically~*~*~ (cloud).
   533 | D:1      | Succumbed to their own poison gas

Levels and vault maps discovered:
D:1:      minmay_arrival_four_circles, layout_basic

Skill      XL: |  1  2 |
---------------+-------+-----
Dodging        | 3 4 |  4.0
Fighting       | |  1.5
Ranged Weapons | |  4.0
Stealth        | |  1.5

Action                     || total
---------------------------++-------
   Fire: Shortbow          ||    18
    Use: Scroll            ||     4
         Potion            ||     1
 Armour: Robe              ||     3
  Dodge: Dodged            ||     4

Table legend:
 A = Non-vault XP
 B = Vault XP
 C = Vault XP percentage of total XP
 D = Non-vault monster count
 E = Vault monster count
 F = Vault count percentage of total count
                 A         B        C        D         E       F
            +---------+---------+-------+---------+---------+-------
      Total |      20 |       0 |   0.0 |       9 |       0 |   0.0
            +---------+---------+-------+---------+---------+-------
        D:1 |      20 |       0 |   0.0 |       9 |       0 |   0.0
            +---------+---------+-------+---------+---------+-------
